 Dungeon Sprint DCSS version 0.30.0-19-g36f170ea60 (webtiles) character file.

Game seed: 3993309725564295476

437 Groucho the Skirmisher (level 6, 0/36 HPs)
             Began as a Spriggan Hunter on May 26, 2023.
             Incinerated by a deep elf pyromancer (7 damage)
             ... with a sticky flame
             ... in the Dungeon (Sprint III: "The Ten Rune Challenge").
             The game lasted 00:03:29 (1084 turns).

Groucho the Skirmisher (Spriggan Hunter)            Turns: 1084, Time: 00:03:30

Health: 0/36       AC:  2    Str:  7    XL:     6   Next: 69%
Magic:  7/7        EV: 25    Int: 10    God:
Gold:   20         SH:  0    Dex: 21    Spells: 5/5 levels left

rFire   . . .        a - +0 shortbow
rCold   . . .        (shield currently unavailable)
rNeg    . . .        c - +0 robe
rPois   .            (helmet restricted)
rElec   .            (no cloak)
rCorr   .            (gloves unavailable)
SInv    +            (boots unavailable)
Will    +....        (no amulet)
Stlth   +            (no ring)
HPRegen 0.26/turn    (no ring)
MPRegen 0.10/turn

%: no teleportation
@: on fire, glowing, very quick
A: very small, no large weapons, unfitting armour, see invisible, speed 3
a: no special abilities


You were in the Dungeon.
You visited 1 branch You collected 20 gold pieces.

Inventory:

Hand Weapons
 a - a +0 shortbow (weapon)
Armour
 c - a +0 robe (worn)
Wands
 n - a wand of light (7)
Scrolls
 b - a scroll of immolation
 i - a scroll of blinking
 k - 2 scrolls of torment {unknown}
 l - a scroll of enchant armour {unknown}
 m - a scroll of identify {unknown}
Potions
 e - 5 potions of mutation {unknown}
 f - a potion of haste
 g - 2 potions of magic
 h - a potion of berserk rage
 j - 3 potions of flight {unknown}


   Skills:
 + Level 6.2 Fighting
 * Level 11.0 Ranged Weapons
 + Level 9.8 Dodging
 - Level 1.5 Stealth


You had 5 spell levels left.
You didn't know any spells.
Your spell library was empty.

Dungeon Overview and Level Annotations

Branches:
Dungeon (1/1)

Altars:
Dithmenos
Okawaru
Ru
Trog
Uskayaw
Wu Jian
Yredelemnul


Innate Abilities, Weirdness & Mutations

You are very small and have problems with some larger weapons.
You are too small for most types of armour.
You have supernaturally acute eyesight. (SInv)
You cover ground extremely quickly. (Speed+++)


Message History

The deep elf pyromancer is moderately wounded.
Unknown command.
Unknown command.
Fire: a) +0 shortbow
Press: ? - help, Q - select action, (/) - cycle Shift-Dir - straight line, f/p - deep elf pyromancer
Aim: a deep elf pyromancer, wielding a +1 long sword of holy wrath (moderately wounded, 62% to hit)
You shoot an arrow. The arrow hits the deep elf pyromancer!
The deep elf pyromancer is heavily wounded.
Unknown command.
Fire: a) +0 shortbow
Press: ? - help, Q - select action, (/) - cycle Shift-Dir - straight line, f/p - deep elf pyromancer
Aim: a deep elf pyromancer, wielding a +1 long sword of holy wrath (heavily wounded, 62% to hit)
Okay, then.
Fire: a) +0 shortbow
Press: ? - help, Q - select action, (/) - cycle Shift-Dir - straight line, f/p - deep elf pyromancer
Aim: a deep elf pyromancer, wielding a +1 long sword of holy wrath (heavily wounded, 62% to hit)
You shoot an arrow.
The arrow barely misses the deep elf pyromancer.
Unknown command.
Unknown command.
You start resting.
A deep elf pyromancer is nearby!
Fire: a) +0 shortbow
Press: ? - help, Q - select action, (/) - cycle Shift-Dir - straight line, f/p - deep elf pyromancer
Aim: a deep elf pyromancer, wielding a +1 long sword of holy wrath (heavily wounded, 62% to hit)
You shoot an arrow. The arrow hits the deep elf pyromancer.
The deep elf pyromancer is heavily wounded.
The deep elf pyromancer gestures at you while chanting.
The sticky flame hits you!
You are covered in liquid flames!
* * * LOW HITPOINT WARNING * * *
Unknown command.
Okay, then.
Fire: a) +0 shortbow
Press: ? - help, Q - select action, (/) - cycle Shift-Dir - straight line, f/p - deep elf pyromancer
Aim: a deep elf pyromancer, wielding a +1 long sword of holy wrath (heavily wounded, 62% to hit)
You shoot an arrow.
The arrow barely misses the deep elf pyromancer.
You are covered in liquid flames!
You die...

▓..##.......#..#..# #__.#.
▓##p##.##...#..#..###'#'###'
##.##.###..##'#..#.........
▓#.####.##..###...'.⌠.......
▓.###..##..####.).#...######
▓#.....##..###....#.⌠.#
###..##...##.....#...#
##..##....#).e...#+###
#..###..##@#.....# #..#
#..#####....# ▓▓▓▓ ▓▓▓▓
▓▓▓▓▓▓


You could see a deep elf pyromancer.

Vanquished Creatures
  A necrophage (D)
  A water elemental (D)
  A necromancer (D)
  3 humans (D)
  A wolf (D)
  An endoplasm (D)
  3 rats (D)
11 creatures vanquished.

Notes
Turn   | Place    | Note
-------+----------+-------------------------------------------
     0 | D        | Groucho the Spriggan Hunter began the quest for the Orb.
     0 | D        | Reached XP level 1. HP: 10/10 MP: 2/2
   123 | D        | Reached skill level 5 in Ranged Weapons
   123 | D        | Reached XP level 2. HP: 9/16 MP: 3/3
   392 | D        | Reached skill level 6 in Ranged Weapons
   392 | D        | Reached XP level 3. HP: 20/20 MP: 4/4
   418 | D        | Noticed a water elemental
   567 | D        | Killed a water elemental
   568 | D        | Reached skill level 7 in Ranged Weapons
   568 | D        | Reached XP level 4. HP: 25/25 MP: 5/5
   600 | D        | Found a basalt altar of Yredelemnul.
   600 | D        | Found a shadowy altar of Dithmenos.
   600 | D        | Found a sacrificial altar of Ru.
   600 | D        | Noticed a necrophage
   625 | D        | Killed a necrophage
   626 | D        | Reached skill level 8 in Ranged Weapons
   626 | D        | Reached XP level 5. HP: 30/30 MP: 6/6
   821 | D        | Found a hide-covered altar of Uskayaw.
   821 | D        | Found an iron altar of Okawaru.
   821 | D        | Found a bloodstained altar of Trog.
   821 | D        | Found an ornate altar of the Wu Jian Council.
   821 | D        | Noticed a human
   822 | D        | Noticed a human
   862 | D        | Killed a human
   863 | D        | Reached skill level 5 in Fighting
   863 | D        | Reached skill level 10 in Ranged Weapons
   863 | D        | Reached XP level 6. HP: 35/35 MP: 7/7
  1064 | D        | Noticed a deep elf pyromancer
  1066 | D        | Killed a human
  1067 | D        | Reached skill level 11 in Ranged Weapons
  1084 | D        | Incinerated by a deep elf pyromancer

Illustrated notes

Levels and vault maps discovered:
D:        dungeon_sprint_mu [sprint_mu_entry_cave, sprint_mu_temple_rooms,
          sprint_mu_d1_horrors, sprint_mu_d2_genie, sprint_mu_d3_branching,
          sprint_mu_orc_legion, sprint_mu_elf_gauntlet, sprint_mu_hive_nellie,
          sprint_mu_lair_fedhas, sprint_mu_vaults_butterflies,
          sprint_mu_slime_circle, sprint_mu_swamp_cave, sprint_mu_snake_twists,
          sprint_mu_blade_basic, sprint_mu_crypt_fortress,
          sprint_mu_tomb_spiral, sprint_mu_vestibule_basic,
          sprint_mu_gehenna_hellfire, sprint_mu_dis_giant,
          sprint_mu_tartarus_statrot, sprint_mu_cocytus_islands, sprint_mu_zot1]

Skill      XL: |  1  2  3  4  5  6 |
---------------+-------------------+-----
Dodging        | 4 6 7 8 9 |  9.8
Fighting       | 2 3 4 5 6 |  6.2
Ranged Weapons | 5 6 7 8 10 11 | 11.0
Stealth        | |  1.5

Action                     |  1- 3 |  4- 6 || total
---------------------------+-------+-------++-------
   Fire: Shortbow          |    50 |    43 ||    93
    Use: Potion            |     1 |     1 ||     2
 Armour: Robe              |     1 |     1 ||     2
  Dodge: Dodged            |    24 |     7 ||    31
